 Dungeon Sprint DCSS version 0.27-a0-1196-g3e9cee4cb2 (webtiles) character file.

Game seed: 7636894317770026178

5754 mhtbhm the Eclecticist (level 10, -12/51 HPs)
             Began as a Deep Elf Earth Elementalist on May 28, 2021.
             Was the Champion of Vehumet.
             Shot with an arrow by a deep elf master archer (44 damage)
             ... in the Dungeon (Sprint III: "The Ten Rune Challenge").
             The game lasted 00:05:05 (1809 turns).

mhtbhm the Eclecticist (DEEE)                       Turns: 1809, Time: 00:05:06

Health: -12/51     AC:  5    Str:  5    XL:     10   Next: 49%
Magic:  35/35      EV: 15    Int: 24    God:    Vehumet [******]
Gold:   2676       SH:  0    Dex: 15    Spells: 27/48 levels left

rFire    . . .     SeeInvis +   (no weapon)
rCold    . . .     Faith    .   (no shield)
rNeg     . . .     Spirit   .   c - +0 robe
rPois    .         Reflect  .   f - +2 helmet {SInv}
rElec    .         Harm     .   (no cloak)
rCorr    .         Rampage  .   (no gloves)
Will     +....     NoTele   +   (no boots)
Stlth    +++.......             (no amulet)
HPRegen  0.17/turn              (no ring)
MPRegen  0.24/turn              (no ring)

@: no status effects
A: mutation resistance 1
a: Renounce Religion


You were in the Dungeon.
You worshipped Vehumet.
Vehumet was exalted by your worship.
You visited 1 branch You collected 2863 gold pieces.
You spent 187 gold pieces at shops.

Inventory:

Missiles
 b - 14 stones
Armour
 c - a +0 robe (worn)
 f - a +2 helmet of see invisible (worn)
Wands
 e - a wand of polymorph (11)
Scrolls
 i - a scroll of blinking
 j - a scroll of immolation {unknown}
 k - 2 scrolls of identify {unknown}
 m - a scroll of torment {unknown}
Potions
 a - 3 potions of mutation
 d - 2 potions of curing
 g - 2 potions of magic
 h - a potion of berserk rage
 l - 2 potions of flight {unknown}
 n - 2 potions of heal wounds
 o - 2 potions of might
Miscellaneous
 p - a phantom mirror


   Skills:
 + Level 0.6 Fighting
 + Level 6.1 Dodging
 + Level 5.3 Stealth
 + Level 19.6 Spellcasting
 + Level 0.2 Conjurations
 + Level 5.3 Transmutations
 + Level 18.1 Earth Magic


You had 27 spell levels left.
You knew the following spells:

 Your Spells              Type           Power      Damage    Failure   Level
a - Sandblast             Erth           100%       2d20      0%          1
b - Passwall              Tmut/Erth      56%        N/A       1%          2
c - Stone Arrow           Conj/Erth      100%       3d13      1%          3
d - Lee's Rapid Deconstr  Erth           42%        3d21*     1%          5
e - Petrify               Tmut/Erth      68%        N/A       1%          4
f - Inner Flame           Hex/Fire       23%        N/A       1%          3
g - Mephitic Cloud        Conj/Pois/Air  23%        N/A       1%          3

Your spell library contained the following spells:

 Spells                   Type           Power      Damage    Failure   Level
 Ozocubu's Refrigeration  Ice            11%        4d7       98%         7
 Animate Skeleton         Necr           46%        N/A       1%          1
 Apportation              Tloc           46%        N/A       1%          1
 Corona                   Hex            25%        N/A       1%          1
 Magic Dart               Conj           96%        1d7       1%          1
 Summon Small Mammal      Summ           92%        N/A       1%          1
 Conjure Flame            Conj/Fire      24%        6-21      1%          3
 Blink                    Tloc           N/A        N/A       3%          2
 Call Imp                 Summ           23%        N/A       3%          2
 Slow                     Hex            23%        N/A       3%          2


Dungeon Overview and Level Annotations

Branches:
Dungeon (1/1)

Altars:
Cheibriados
Dithmenos
Elyvilon
Fedhas
Gozag
Hepliaklqana
Kikubaaqudgha
Makhleb
Nemelex Xobeh
Okawaru
Qazlal
Ru
Sif Muna
Trog
Uskayaw
Vehumet
Wu Jian
Xom
Yredelemnul
Zin
The Shining One
Beogh
Jiyva
Lugonu

Shops:
D *


Innate Abilities, Weirdness & Mutations

You are somewhat resistant to further mutation.


Message History

Magic restored.
Unknown command.
You start resting.
Unknown command.
You start resting.
HP restored.
Unknown command.
Unknown command.
Okay, then.
Memorise Mephitic Cloud, consuming 3 spell levels and leaving 27?
You start memorising the spell.
You continue memorising. x3
You finish memorising.
Spell assigned to 'g'.
Unknown command.
The deep elf master archer shouts!
You hear a shout!
Unknown command.
Casting: Lee's Rapid Deconstruction (safe; 1% risk of failure)
Confirm with . or Enter, or press ? or * to list all spells.
Okay, then.
Casting: Lee's Rapid Deconstruction (safe; 1% risk of failure)
Confirm with . or Enter, or press ? or * to list all spells.
Okay, then.
A deep elf death mage comes into view.
It is wielding a +4 vorpal spear and wearing a +2 robe of poison resistance.
The deep elf master archer shoots an arrow.
The arrow hits you!
The deep elf master archer shoots an arrow.
The arrow barely misses you.
Unknown command.
Casting: Lee's Rapid Deconstruction (safe; 1% risk of failure)
Confirm with . or Enter, or press ? or * to list all spells.
Okay, then.
Unknown command.
You start resting.
You start resting.
HP restored.
The deep elf master archer shoots an arrow.
The arrow hits you!!
The deep elf master archer shoots an arrow.
The arrow hits you!!!
Ouch! That really hurt!
You die...

▓▓▓▓▓ ▓▓▓
##.#.#####.####### ###
#..###.##..'.#...# ..e'
#..........#.#...##≈≈≈≈#
#..........#.#)..≈≈≈ee..
#...)))...##.#).@##≈≈≈
#.##∩#)#.###.')..#
#...###...########
#§######### #..§§≈'.#
#.#§§§#§# '.#§§.#.#
#.#§§.#.. ▓▓▓▓▓▓▓▓▓▓


You could see a deep elf master archer, a deep elf death mage and a deep elf
demonologist (wandering).

Vanquished Creatures
  Snorg (D)
  An orc high priest (D)
  2 deep elf knights (D)
  5 deep elf pyromancers (D)
  A shadow (D)
  A spatial vortex (D)
  An orc warrior (D)
  A necrophage (D)
  An earth elemental (D)
  A scorpion (D)
  A water elemental (D)
  4 orc priests (D)
  A jelly (D)
  Jessica (D)
  A wizard (D)
  An orc wizard (D)
  A necromancer (D)
  A kobold demonologist (D)
  3 humans (D)
  11 orcs (D)
  3 rats (D)
43 creatures vanquished.

Notes
Turn   | Place    | Note
-------+----------+-------------------------------------------
     0 | D        | mhtbhm the Deep Elf Earth Elementalist began the quest for
                  | the Orb.
     0 | D        | Reached XP level 1. HP: 10/10 MP: 6/6
    30 | D        | Noticed Jessica
    31 | D        | Killed Jessica
    32 | D        | Reached skill level 4 in Spellcasting
    32 | D        | Reached skill level 5 in Earth Magic
    32 | D        | Reached XP level 2. HP: 15/15 MP: 4/9
    78 | D        | Learned a level 2 spell: Passwall
    98 | D        | Gained mutation: You are somewhat resistant to further
                  | mutation. [potion of mutation]
    99 | D        | Noticed a scorpion
   108 | D        | Killed a scorpion
   109 | D        | Reached skill level 6 in Spellcasting
   109 | D        | Reached XP level 3. HP: 19/19 MP: 3/12
   109 | D        | Reached XP level 4. HP: 24/24 MP: 3/14
   190 | D        | Learned a level 3 spell: Stone Arrow
   272 | D        | Noticed a water elemental
   275 | D        | Killed a water elemental
   276 | D        | Reached skill level 7 in Spellcasting
   276 | D        | Reached XP level 5. HP: 28/28 MP: 9/17
   283 | D        | Learned a level 5 spell: Lee's Rapid Deconstruction
   288 | D        | Learned a level 4 spell: Petrify
   334 | D        | Found a radiant altar of Vehumet.
   338 | D        | Reached skill level 5 in Dodging
   338 | D        | Reached skill level 8 in Spellcasting
   356 | D        | Found a shimmering blue altar of Sif Muna.
   357 | D        | Found an ancient bone altar of Kikubaaqudgha.
   367 | D        | Became a worshipper of Vehumet
   411 | D        | Found a basalt altar of Yredelemnul.
   411 | D        | Found a shadowy altar of Dithmenos.
   411 | D        | Found a sacrificial altar of Ru.
   411 | D        | Noticed a necrophage
   413 | D        | Reached skill level 10 in Earth Magic
   413 | D        | Killed a necrophage
   414 | D        | Reached skill level 9 in Spellcasting
   414 | D        | Reached XP level 6. HP: 32/32 MP: 7/20
   468 | D        | Found a glowing silver altar of Zin.
   468 | D        | Found a glowing golden altar of the Shining One.
   468 | D        | Found a white marble altar of Elyvilon.
   468 | D        | Noticed a deep elf pyromancer
   470 | D        | Killed a deep elf pyromancer
   470 | D        | Reached * piety under Vehumet
   470 | D        | Offered knowledge of Foxfire by Vehumet.
   471 | D        | Reached skill level 5 in Stealth
   471 | D        | Reached skill level 12 in Spellcasting
   471 | D        | Reached XP level 7. HP: 36/36 MP: 7/24
   563 | D        | Found a hide-covered altar of Uskayaw.
   563 | D        | Found an iron altar of Okawaru.
   563 | D        | Found a bloodstained altar of Trog.
   563 | D        | Found an ornate altar of the Wu Jian Council.
   563 | D        | Noticed a human
   563 | D        | Noticed a human
   565 | D        | Killed a human
   565 | D        | Killed a human
   566 | D        | Reached skill level 13 in Spellcasting
   639 | D        | Reached ** piety under Vehumet
   639 | D        | Noticed a shadow
   642 | D        | Killed a shadow
   642 | D        | Offered knowledge of Poisonous Vapours by Vehumet.
   643 | D        | Reached XP level 8. HP: 42/42 MP: 10/27
   727 | D        | Found a blossoming altar of Fedhas.
   727 | D        | Found a stormy altar of Qazlal.
   727 | D        | Found a snail-covered altar of Cheibriados.
   727 | D        | Found a burning altar of Makhleb.
   727 | D        | Found a shimmering altar of Xom.
   728 | D        | Found a hazy altar of Hepliaklqana.
   728 | D        | Found an opulent altar of Gozag.
   728 | D        | Found a sparkling altar of Nemelex Xobeh.
   728 | D        | Found a corrupted altar of Lugonu.
   728 | D        | Found a viscous altar of Jiyva.
   734 | D        | Reached skill level 14 in Spellcasting
   783 | D        | Noticed Snorg
   831 | D        | Killed Snorg
   831 | D        | Offered knowledge of Searing Ray by Vehumet.
   832 | D        | Reached skill level 15 in Spellcasting
   832 | D        | Reached skill level 15 in Earth Magic
   832 | D        | Reached XP level 9. HP: 46/46 MP: 2/30
  1010 | D        | Reached *** piety under Vehumet
  1069 | D        | Found Rodamonn's Assorted Antiques.
  1070 | D        | Offered knowledge of Inner Flame by Vehumet.
  1071 | D        | Reached skill level 16 in Spellcasting
  1071 | D        | Reached **** piety under Vehumet
  1073 | D        | Noticed an orc high priest
  1074 | D        | Killed an orc high priest
  1074 | D        | Reached ***** piety under Vehumet
  1075 | D        | Reached skill level 17 in Spellcasting
  1285 | D        | Learned a level 3 spell: Inner Flame
  1288 | D        | Bought a runed helmet for 187 gold pieces
  1305 | D        | Noticed a deep elf knight
  1305 | D        | Noticed a deep elf knight
  1305 | D        | Noticed a deep elf pyromancer
  1305 | D        | Noticed a deep elf pyromancer
  1305 | D        | Noticed a deep elf pyromancer
  1312 | D        | Killed a deep elf pyromancer
  1312 | D        | Offered knowledge of Fireball by Vehumet.
  1313 | D        | Reached skill level 5 in Transmutations
  1314 | D        | Killed a deep elf pyromancer
  1314 | D        | Killed a deep elf knight
  1314 | D        | Reached ****** piety under Vehumet
  1315 | D        | Reached skill level 18 in Spellcasting
  1315 | D        | Reached XP level 10. HP: 51/51 MP: 24/34
  1315 | D        | Killed a deep elf knight
  1316 | D        | Reached skill level 19 in Spellcasting
  1316 | D        | Killed a deep elf pyromancer
  1516 | D        | Noticed a deep elf pyromancer
  1518 | D        | Killed a deep elf pyromancer
  1518 | D        | Offered knowledge of Ozocubu's Refrigeration by Vehumet.
  1520 | D        | Noticed a deep elf master archer
  1521 | D        | Identified the +1 leather armour "Jips" {Regen+ Int+4}
  1521 | D        | Noticed a deep elf demonologist
  1739 | D        | Learned a level 3 spell: Mephitic Cloud
  1741 | D        | Noticed a deep elf death mage
  1809 | D        | Shot with an arrow by a deep elf master archer

Illustrated notes

Levels and vault maps discovered:
D:        dungeon_sprint_mu [sprint_mu_entry_forest, sprint_mu_temple_rooms,
          sprint_mu_d1_horrors, sprint_mu_d2_genie, sprint_mu_d3_branching,
          sprint_mu_orc_legion, sprint_mu_elf_gauntlet, sprint_mu_hive_nellie,
          sprint_mu_lair_fedhas, sprint_mu_vaults_butterflies,
          sprint_mu_slime_circle, sprint_mu_shoals_kraken,
          sprint_mu_snake_twists, sprint_mu_blade_basic, sprint_mu_crypt_lich,
          sprint_mu_tomb_spiral, sprint_mu_vestibule_basic,
          sprint_mu_gehenna_hellfire, sprint_mu_dis_giant,
          sprint_mu_tartarus_statrot, sprint_mu_cocytus_islands, sprint_mu_zot1]

Skill      XL: |  1  2  3  4  5  6  7  8  9 10 |
---------------+-------------------------------+-----
Earth Magic    | 5 7 9 10 12 13 15 17 18 | 18.1
Dodging        | 3 4 5 6 |  6.1
Stealth        | 3 4 5 |  5.3
Spellcasting   | 4 6 7 9 12 13 15 18 19 | 19.6
Transmutations | 2 3 5 |  5.3
Fighting       | |  0.6
Conjurations   | |  0.2

Action                   |  1- 3 |  4- 6 |  7- 9 | 10-12 || total
-------------------------+-------+-------+-------+-------++-------
 Cast: Sandblast         |    10 |     2 |     4 |       ||    16
       Passwall          |     1 |       |     2 |       ||     3
       Stone Arrow       |       |     3 |       |       ||     3
       Lee's Rapid Decon |       |     6 |    24 |     5 ||    35
       Petrify           |       |       |     4 |       ||     4
  Use: Potion            |     3 |       |     1 |       ||     4
Dodge: Dodged            |     5 |       |       |     1 ||     6

Table legend: (Time is in decaauts)
 A = Elapsed time spent in this place.
 B = Non-inter-level travel time spent in this place.
 C = Inter-level travel time spent in this place.
 D = Time resting spent in this place.
 E = Time spent auto-exploring this place.
 F = Levels seen in this place.
 G = Mean time per level.
                   A        B        C        D        E       F      G
               +--------+--------+--------+--------+--------+-----+--------+
         Total |   1796 |   1796 |      0 |   1301 |      1 |   1 | 1796.0 |
       Dungeon |   1796 |   1796 |      0 |   1301 |      1 |   1 | 1796.0 |
               +--------+--------+--------+--------+--------+-----+--------+

Top non-repeatable levels by time:
       D: 1796 daAuts
